 Dungeon Crawl Stone Soup version 0.29-a0-830-gcb1280458a (webtiles) character file.

Game seed: 7901876668814830004

184 Nato the Trooper (level 5, -4/55 HPs)
             Began as an Ogre Hunter on July 12, 2022.
             Killed by divine providence
             ... invoked by an orc priest
              (12 damage)
             ... on level 3 of the Dungeon.
             The game lasted 00:24:30 (6535 turns).

Nato the Trooper (Ogre Hunter)                      Turns: 6535, Time: 00:24:30

Health: -4/55      AC:  3    Str: 15    XL:     5   Next: 64%
Magic:  5/5        EV: 10    Int: 10    God:
Gold:   219        SH:  0    Dex: 14    Spells: 4/4 levels left

rFire   . . .      SeeInvis .   r - +1 dagger (venom)
rCold   . . .      Faith    .   (no shield)
rNeg    . . .      Spirit   .   c - +0 robe
rPois   .          Reflect  .   (helmet restricted)
rElec   .          Harm     .   (no cloak)
rCorr   .          Rampage  .   (gloves unavailable)
Will    .....                   (boots unavailable)
Stlth   ++........              (no amulet)
HPRegen 0.18/turn               q - ring of wizardry
MPRegen 0.09/turn               (no ring)

@: no status effects
A: large, unfitting armour, tough skin 1
a: no special abilities


You were on level 3 of the Dungeon.
You visited 1 branch of the dungeon, and saw 4 of its levels.

You collected 219 gold pieces.

Inventory:

Hand Weapons
 a - a +0 shortbow
 k - a +0 trident
 r - a +1 dagger of venom (weapon)
Missiles
 i - a throwing net
 l - 2 large rocks (quivered)
 o - 2 poisoned darts
Armour
 c - a +0 robe (worn)
Jewellery
 q - a ring of wizardry (left hand)
Scrolls
 b - 3 scrolls of immolation
 e - 3 scrolls of identify {unknown}
 g - a scroll of fear {unknown}
 j - a scroll of fog {unknown}
 m - a scroll of enchant armour {unknown}
 s - a scroll of magic mapping {unknown}
Potions
 d - a potion of attraction {unknown}
 f - a potion of brilliance {unknown}
 h - a potion of mutation {unknown}
 n - a potion of invisibility {unknown}
 p - a potion of might {unknown}
 t - a potion of flight {unknown}


   Skills:
 + Level 4.4 Fighting
 + Level 1.6 Polearms
 - Level 3.2 Ranged Weapons
 + Level 1.9 Armour
 + Level 2.9 Dodging
 - Level 0.6 Stealth


You had 4 spell levels left.
You didn't know any spells.
Your spell library contained the following spells:

 Spells                   Type           Power      Damage    Failure   Level
 Tukima's Dance           Hex            0%         N/A       41%         3
 Passage of Golubria      Tloc           0%         N/A       80%         4
 Yara's Violent Unravell  Hex/Tmut       0%         3d3       98%         5


Dungeon Overview and Level Annotations

Branches:
Dungeon (4/15)
 Temple: D:4-7

Altars:


Innate Abilities, Weirdness & Mutations

You are too large for most types of armour.
You have tough skin. (AC +1)


Message History

The orc priest hits you with a +0 flail.
You hit the orc priest but do no damage.
The orc priest is moderately wounded.
The orc priest closely misses you.
Press: ? - help, v - describe, . - travel
Here: an orc priest, wielding a +0 flail and wearing a +0 chain mail (moderately wounded)
The floor, spattered with blood.
An orc priest is nearby!
Press: ? - help, v - describe, . - travel
Here: an orc priest, wielding a +0 flail and wearing a +0 chain mail (moderately wounded)
The floor, spattered with blood.
Your +1 dagger of venom begins to drip with poison!
r - a +1 dagger of venom (weapon)
You hit the orc priest but do no damage.
The orc priest is poisoned.
The orc priest is moderately wounded.
The orc priest hits you with a +0 flail.
You closely miss the orc priest.
The orc priest is moderately wounded.
The orc priest hits you with a +0 flail.
* * * LOW HITPOINT WARNING * * *
You closely miss the orc priest.
The orc priest is moderately wounded.
The orc priest barely misses you.
You hit the orc priest.
The orc priest looks as sick as possible!
The orc priest is heavily wounded.
The orc priest barely misses you.
You hit the orc priest.
The orc priest looks as sick as possible!
You punch the orc priest.
The orc priest is severely wounded.
The orc priest hits you with a +0 flail!
* * * LOW HITPOINT WARNING * * *
You hit the orc priest but do no damage.
The orc priest looks as sick as possible!
The orc priest is almost dead.
The orc priest mumbles some strange prayers to Beogh against you.
Beogh smites you!
You die...

#.....# # #.....# #
#.....############
#.................
#.................
#.................
#.................
#o....#.......≈.P.
#@.......≈≈≈.≈≈.≈.
#......≈.≈P≈≈≈≈≈≈≈
#.#...P≈≈≈≈≈≈≈≈≈≈≈
#....P.≈≈≈≈≈≈≈≈≈≈≈
####..≈.≈≈.≈≈≈≈≈≈≈.≈≈
#.......≈≈≈≈≈≈≈≈≈P.≈.
##.....≈≈≈≈.≈≈≈.≈≈≈...
#......≈≈≈≈≈≈P........
#.....≈≈≈≈≈≈..........


You could see an orc priest (extremely poisoned).

Vanquished Creatures
  Robin (D:3)
  3 adders
  An ufetubus (D:4)
  4 worms
  2 dart slugs
  An orc (D:3)
  4 bats
  6 endoplasms
  3 giant cockroaches
  13 goblins
  7 hobgoblins
  9 jackals (D:2)
  3 quokkas
  6 ball pythons
  7 kobolds
  A rat (D:3)
71 creatures vanquished.

Vanquished Creatures (collateral kills)
  The ghost of ytrimaz the Shield-Bearer, a weakling DsFi of Ignis (D:3)
  A giant cockroach (D:3)
2 creatures vanquished.

Vanquished Creatures (others)
  15 plants (D:3)
15 creatures vanquished.

Grand Total: 88 creatures vanquished

Notes
Turn   | Place    | Note
-------+----------+-------------------------------------------
     0 | D:1      | Nato the Ogre Hunter began the quest for the Orb.
     0 | D:1      | Reached XP level 1. HP: 22/22 MP: 1/1
   100 | D:1      | Reached XP level 2. HP: 29/29 MP: 2/2
   104 | D:1      | Reached skill level 3 in Fighting
  2277 | D:2      | Reached XP level 3. HP: 34/37 MP: 3/3
  2545 | D:2      | Reached skill level 1 in Armour
  3832 | D:2      | Reached XP level 4. HP: 43/46 MP: 4/4
  4419 | D:3      | Noticed ytrimaz's ghost (weakling DsFi)
  4423 | D:3      | Found a runed translucent door.
  4444 | D:3      | Killed ytrimaz's ghost
  4445 | D:3      | Reached skill level 1 in Polearms
  4448 | D:3      | Reached skill level 4 in Fighting
  4850 | D:3      | Noticed Robin
  4865 | D:3      | Reached XP level 5. HP: 27/54 MP: 5/5
  4873 | D:3      | Killed Robin
  6535 | D:3      | Killed from afar by an orc priest

Illustrated notes

Levels and vault maps discovered:
D:1:      elethiomel_arrival_quiet, layout_basic
D:2:      layout_basic
D:3:      layout_basic, hellmonk_ghost_happy_afterlife, chequers_big_river,
          corexii_corridor_pit, uniq_robin
D:4:      layout_basic, grunt_temple_overflow_open, minmay_box_of_dots,
          uniq_duvessa

Skill      XL: |  1  2  3  4 |
---------------+-------------+-----
Ranged Weapons | 3 |  3.2
Fighting       | 3 4 |  4.4
Dodging        | 2 |  2.9
Armour         | 1 |  1.9
Polearms       | 1 |  1.6
Stealth        | |  0.6

Action                   |  1- 3 |  4- 6 || total
-------------------------+-------+-------++-------
Melee: Trident           |    40 |    87 ||   127
       Dagger            |       |     9 ||     9
       Punch             |       |     2 ||     2
 Fire: Shortbow          |    64 |       ||    64
Throw: Large rock        |    11 |     6 ||    17
  Use: Scroll            |       |     2 ||     2
       Potion            |       |     1 ||     1
 Stab: Sleeping          |       |     1 ||     1
Armor: Robe              |    21 |    23 ||    44
       Skin              |       |     9 ||     9
Dodge: Dodged            |    46 |    36 ||    82

Table legend: (Time is in decaauts)
 A = Elapsed time spent in this place.
 B = Non-inter-level travel time spent in this place.
 C = Inter-level travel time spent in this place.
 D = Time resting spent in this place.
 E = Time spent auto-exploring this place.
 F = Levels seen in this place.
 G = Mean time per level.
                   A        B        C        D        E       F      G
               +--------+--------+--------+--------+--------+-----+--------+
         Total |   6621 |   6042 |    579 |   3564 |   1783 |   4 | 1655.2 |
       Dungeon |   6621 |   6042 |    579 |   3564 |   1783 |   4 | 1655.2 |
               +--------+--------+--------+--------+--------+-----+--------+

Top non-repeatable levels by time:
     D:3: 2349 daAuts
     D:1: 2239 daAuts
     D:2: 1904 daAuts
     D:4: 128 daAuts
